cohdb
Replays
Latest Replays
All Replays
Popular Replays
Top Player Replays
Match Explorer
How It Works
Community
CoH3 Stats
Reddit
Sign in to upload your games and track your stats! →
Sign in with Steam
Match 44296475
Unlisted
Match 44296475
Overview
Messages
Build Orders
End
Pioneer Squad
Construct Infanterie Kompanie
Selects Luftwaffe Battlegroup
Grenadier Squad
Grenadier Squad
Selects Luftwaffe Pioneer Support
Fallschirmpioneer Squad Paradrop
Selects Reconnaissance Run
Construct Luftwaffe Kompanie
Selects Fallschirmjäger Squad Paradrop
Medical Bunker
Construct Panzer Kompanie
Panzer IV Medium Tank
Selects Stuka Loiter
Stuka Loiter
Panzer IV Medium Tank
Reconnaissance Run
Reconnaissance Run
matvei
GruZ
KyrSor
Na_Orbite
TrueSlayer
victor_hartman
ASPEKTAKLE
Klaudio75
0
0
Comments
sign in to comment!
No comments posted yet!